 Dungeon Crawl Stone Soup version 0.20-a0-1089-g3fde505 (console) character file.

51 nht the Bolt Thrower (level 3, -2/30 HPs)
             Began as a Minotaur Hunter on May 2, 2017.
             Slain by claquette's ghost (9 damage)
             ... on level 3 of the Dungeon.
             The game lasted 00:00:52 (1352 turns).

nht the Bolt Thrower (Minotaur Hunter)              Turns: 1352, Time: 00:00:53

Health: -2/30      AC:  3    Str: 17    XL:     3   Next: 57%
Magic:  2/2        EV: 12    Int:  8    God:
Gold:   132        SH:  0    Dex: 10    Spells: 2/2 levels left

rFire    . . .     SeeInvis .   a - +1 hand crossbow
rCold    . . .     Gourm    .   (no shield)
rNeg     . . .     Faith    .   c - +0 leather armour
rPois    .         Spirit   .   (helmet restricted)
rElec    .         Reflect  .   (no cloak)
rCorr    .         Harm     .   (no gloves)
MR       +....                  (no boots)
Stlth    +.........             (no amulet)
Regen    0.1/turn               j - ring of protection from magic
MPRegen  0.1/turn               (no ring)

@: no status effects
A: retaliatory headbutt, horns 2
a: no special abilities


You were on level 3 of the Dungeon.
You were not hungry.

You visited 1 branch of the dungeon, and saw 3 of its levels.

You collected 132 gold pieces.

Inventory:

Hand Weapons
 a - a +1 hand crossbow (weapon)
 b - a +0 short sword
Missiles
 d - 40 bolts (quivered)
Armour
 c - a +0 leather armour (worn)
Jewellery
 j - a ring of protection from magic (left hand)
Scrolls
 e - a scroll of identify {unknown}
 g - 2 scrolls of random uselessness {unknown}
 h - a scroll of remove curse {unknown}
 l - 4 scrolls of fog {unknown}
 q - a scroll of teleportation {unknown}
Potions
 k - 2 potions of might {unknown}
 p - a potion of flight {unknown}
 r - 2 potions of degeneration {unknown}
Comestibles
 f - 4 bread rations
 m - a royal jelly
 n - a meat ration
 o - 2 fruits


   Skills:
 - Level 2.4 Fighting
 + Level 5.9 Crossbows
 - Level 2.1 Dodging
 - Level 0.7 Stealth


You had 2 spell levels left.
You didn't know any spells.

Dungeon Overview and Level Annotations

Branches:
Dungeon (3/15)

Altars:

Annotations:
D:3 claquette's ghost, amateur HuHu


Innate Abilities, Weirdness & Mutations

You reflexively headbutt those who attack you in melee.
You have a pair of horns on your head.


Message History

The adder hisses angrily.
The bolt hits claquette's ghost.
Claquette's ghost is severely damaged.
Claquette's ghost hits you!
Firing (i - inventory):
d - 42 bolts (quivered)
Press: ? - help, Shift-Dir - straight line, f/p - claquette's ghost
Aim: claquette's ghost (severely damaged)
You shoot a bolt. The bolt hits claquette's ghost.
Claquette's ghost is severely damaged.
Claquette's ghost hits you!
* * * LOW HITPOINT WARNING * * *
Claquette's ghost barely misses you. You furiously retaliate!
You headbutt claquette's ghost.
Firing (i - inventory):
d - 41 bolts (quivered)
Press: ? - help, Shift-Dir - straight line, f/p - claquette's ghost
Aim: claquette's ghost (severely damaged)
You shoot a bolt. The bolt hits claquette's ghost.
Claquette's ghost is almost destroyed.
Claquette's ghost hits you!
You die...

█ █
██.██████.█
...>....█.███
█((.(WS....█
█@█.█
███████.█.█
..........█
███████.███
█.█ █.█
█.█████.█
.....██.█
█.██.██.█


You could see claquette's ghost and an adder.

Vanquished Creatures
  2 worms (D:2)
  4 dart slugs
  A ball python (D:1)
  2 giant cockroaches
  4 hobgoblins
  6 bats
  4 frilled lizards
  6 goblins
  5 kobolds
  5 rats
39 creatures vanquished.

Notes
Turn   | Place    | Note
-------+----------+-------------------------------------------
     0 | D:1      | nht the Minotaur Hunter began the quest for the Orb.
     0 | D:1      | Reached XP level 1. HP: 18/18 MP: 0/0
     2 | D:1      | Noticed a dwarf
     2 | D:1      | Noticed a human
     4 | D:1      | Noticed a naga
     4 | D:1      | Noticed an octopode
     6 | D:1      | Noticed a troll
     6 | D:1      | Noticed a tengu
     8 | D:1      | Noticed a merfolk
     8 | D:1      | Noticed a halfling
    10 | D:1      | Noticed a demigod
    10 | D:1      | Noticed a demonspawn
    12 | D:1      | Noticed an elf
    12 | D:1      | Noticed a centaur
    14 | D:1      | Noticed a draconian
    14 | D:1      | Noticed a gargoyle
    16 | D:1      | Noticed an ogre
    16 | D:1      | Noticed a ghoul
    18 | D:1      | Noticed a formicid
    20 | D:1      | Noticed a vine stalker
    22 | D:1      | Noticed a minotaur
    22 | D:1      | Noticed a vampire
    26 | D:1      | Noticed a spriggan
    26 | D:1      | Noticed a felid
   189 | D:1      | Reached XP level 2. HP: 25/25 MP: 1/1
   195 | D:1      | Reached skill level 5 in Crossbows
   672 | D:2      | Reached XP level 3. HP: 30/30 MP: 2/2
  1345 | D:3      | Noticed claquette's ghost (amateur HuHu)
  1352 | D:3      | Slain by claquette's ghost

Vault maps used:
D:1:      kb_arrival_jail, minmay_stone_trees_small
D:3:      chequers_ecumenical_altar_simple_redux

Skill      XL: |  1  2 |
---------------+-------+-----
Crossbows      | 5 |  5.9
Fighting       | |  2.4
Dodging        | |  2.1
Stealth        | |  0.7

Action                   || total
-------------------------++-------
 Fire: Hand crossbow     ||    89
  Eat: Chunk             ||     1
Armor: Leather armour    ||     4
Dodge: Dodged            ||    12
